 Dungeon Crawl Stone Soup version 0.28.0 (webtiles) character file.

Game seed: 6307458586286384436

295 tilp the Chopper (level 6, -2/46 (56) HPs)
             Began as a Minotaur Berserker on Feb 9, 2022.
             Was a Believer of Trog.
             Slain by Duvessa (3 damage)
             ... on level 5 of the Dungeon.
             The game lasted 00:03:14 (2801 turns).

tilp the Chopper (Minotaur Berserker)               Turns: 2801, Time: 00:03:14

HP:   -2/46 (56)    AC:  8    Str: 23    XL:     6   Next: 11%
MP:   5/5           EV: 11    Int:  4    God:    Trog [**....]
Gold: 85            SH:  0    Dex: 10    Spells: 5/5 levels left

rFire   . . .      SeeInvis .   a - +1 war axe
rCold   . . .      Faith    .   (no shield)
rNeg    . . .      Spirit   .   e - +0 ring mail
rPois   .          Reflect  .   (helmet restricted)
rElec   .          Harm     .   (no cloak)
rCorr   .          Rampage  .   (no gloves)
Will    .....                   d - +2 pair of boots
Stlth   +.........              (no amulet)
HPRegen 0.15/turn               (no ring)
MPRegen 0.09/turn               (no ring)

@: on berserk cooldown, slowed, studying Fighting, heavily drained, invisible,
very slow
A: horns 2, retaliatory headbutt
a: Renounce Religion, Berserk, Trog's Hand


You were on level 5 of the Dungeon.
You worshipped Trog.
Trog was pleased with you.
You visited 1 branch of the dungeon, and saw 5 of its levels.

You collected 135 gold pieces.
You spent 50 gold pieces at shops.

Inventory:

Hand Weapons
 a - a +1 war axe (weapon)
 b - a +0 hand axe
Missiles
 f - 150 stones
 j - 3 boomerangs (quivered)
Armour
 d - a +2 pair of boots (worn)
 e - a +0 ring mail (worn)
Jewellery
 g - a ring of fire
Scrolls
 k - a scroll of teleportation
Potions
 c - a potion of attraction
 h - a potion of invisibility
 i - a potion of ambrosia {unknown}
 l - a potion of flight
 m - a potion of curing {unknown}
 p - a potion of might {unknown}
 q - a potion of brilliance {unknown}
 r - a potion of degeneration {unknown}


   Skills:
 + Level 5.0 Fighting
 * Level 6.9 Axes
 + Level 1.6 Throwing
 - Level 2.4 Armour
 - Level 2.1 Dodging
 + Level 1.4 Stealth


You had 5 spell levels left.
You didn't know any spells.
Your spell library was empty.

Dungeon Overview and Level Annotations

Branches:
Dungeon (5/15)
 Temple: D:4-7

Altars:
Sif Muna
Uskayaw
Wu Jian

Shops:
D:2 (

Annotations:
D:5 Duvessa


Innate Abilities, Weirdness & Mutations

You have a pair of horns on your head.
You reflexively headbutt those who attack you in melee.


Message History

You hear a distant scream of rage.
Your Stealth skill increases to level 1!
You slash the ogre! You headbutt the ogre!
You kill the ogre!
Trog accepts your kill.
Your Fighting skill increases to level 5!
You have reached level 6!
Things that are here:
a +0 giant club; a +0 dagger; a +0 robe of willpower You feel a strong urge to attack something.
You feel your anger nearly subside.
You are no longer berserk.
You are exhausted.
You feel yourself slow down.
You feel the effects of Trog's Hand fading.
Found a scroll of identify.
Duvessa shouts!
Duvessa goes berserk!
You barely miss Duvessa. Duvessa hits you but does no damage.
You feel drained.
Duvessa hits you with a +4 short sword of draining!
You feel drained.
Duvessa hits you with a +4 short sword of draining.
You feel drained.
You hit Duvessa.
Duvessa is lightly wounded.
Your skin stops crawling.
You feel less strong-willed. Duvessa barely misses you.
Duvessa hits you with a +4 short sword of draining!
You feel drained.
Duvessa hits you with a +4 short sword of draining!!
* * * LOW HITPOINT WARNING * * *
You feel drained.
* * * LOW HITPOINT WARNING * * *
Unknown command.
You fade into invisibility!
Duvessa closely misses you. Duvessa barely misses you.
Unknown command.
Duvessa hits you with a +4 short sword of draining!
* * * LOW HITPOINT WARNING * * *
You feel drained.
You die...

***** *,*≈≈≈≈+,,* *,,,*
*,*≈≈≈≈*,,* *,,,* *,*≈∩≈≈*,,*
*,,,******,*≈≈≈≈*,+****
*,,,+,,,,#,*≈≈≈≈*,,..,*
*,,,***,*#.######...#,* ***
**,,,,,*,*#.......?..#,**** *,,
*,,,,,,*,****#e#*,,,,*,,,,* *,*
**,*,*,,*,* #@#*,,,,****,# *,*
**,,*,*<*#.#####.#*****####.#**,*
,,,**,***#.......#######<...##.,,
,,>+,,,,,.........).............,
,,,******.#######.########.#####,
,,,* *,,,****#..* *.# *, ,,,*
***,*,,,...#* *,# *, ,,,*
*,,,*##...* *,* ** ,,,*
******#.#.#** *,* *


You could see Duvessa (berserk).

Vanquished Creatures
  An ogre (D:5)
  Dowan (D:5)
  A howler monkey (D:4)
  A hound (D:4)
  A hound skeleton (D:4)
  3 adders
  4 dart slugs
  An orc (D:4)
  10 ball pythons
  3 endoplasms
  3 goblins
  3 hobgoblins
  3 jackals (D:1)
  5 kobolds
  4 quokkas
  4 bats
  5 frilled lizards
  5 rats
58 creatures vanquished.

Notes
Turn   | Place    | Note
-------+----------+-------------------------------------------
     0 | D:1      | tilp the Minotaur Berserker began the quest for the Orb.
     0 | D:1      | Reached XP level 1. HP: 19/19 MP: 0/0
   191 | D:1      | Reached skill level 4 in Axes
   225 | D:1      | Reached XP level 2. HP: 27/27 MP: 1/1
   845 | D:2      | Reached XP level 3. HP: 33/33 MP: 2/2
   889 | D:2      | Found Jokku's Weapon Shoppe.
   897 | D:2      | Bought a +0 war axe for 35 gold pieces
   897 | D:2      | Bought 3 boomerangs for 15 gold pieces
   973 | D:2      | Reached skill level 5 in Axes
  1059 | D:2      | Found a shimmering blue altar of Sif Muna.
  1345 | D:3      | Reached ** piety under Trog
  1458 | D:3      | Noticed a +0 hand axe
  1459 | D:3      | Found a hide-covered altar of Uskayaw.
  1459 | D:3      | Noticed a +0 dagger
  1978 | D:4      | Reached skill level 6 in Axes
  1978 | D:4      | Reached XP level 4. HP: 35/40 MP: 3/3
  2265 | D:4      | Found an ornate altar of the Wu Jian Council.
  2437 | D:4      | Reached skill level 1 in Throwing
  2437 | D:4      | Reached XP level 5. HP: 39/46 MP: 4/4
  2748 | D:4      | Identified a scroll of acquirement
  2748 | D:4      | Acquired a manual of Fighting
  2773 | D:5      | Entered Level 5 of the Dungeon
  2782 | D:5      | Noticed an ogre
  2783 | D:5      | Noticed Dowan
  2783 | D:5      | Noticed Duvessa
  2790 | D:5      | Killed Dowan
  2791 | D:5      | Reached skill level 1 in Stealth
  2791 | D:5      | Killed an ogre
  2792 | D:5      | Reached skill level 5 in Fighting
  2792 | D:5      | Reached XP level 6. HP: 56/56 MP: 5/5
  2801 | D:5      | HP: 1/48 [Duvessa (10)]
  2801 | D:5      | Slain by Duvessa

Illustrated notes

Levels and vault maps discovered:
D:1:      dpeg_arrival_snail, layout_basic
D:2:      layout_rooms, basic_altar, serial_shops, nicolae_square_shop
D:3:      layout_loops_ring, dancing_weapons_uskayaw
D:4:      layout_basic, mainiacjoe_overflow_concentric_impassable,
          serial_rivers, chequers_serial_rivers_small_b,
          chequers_serial_rivers_micro_c, chequers_serial_rivers_micro_b,
          chequers_serial_rivers_room_a, chequers_serial_rivers_micro_a
D:5:      layout_basic, amcnicky_altar_gilded, kiku_gazebo_garden_becter,
          tgw_xom, portal_sewer_entry_c, uniq_blork_the_orc, uniq_duvessa,
          uniq_crazy_yiuf_cottage

Skill      XL: |  1  2  3  4  5 |
---------------+----------------+-----
Axes           | 4 6 |  6.9
Fighting       | 4 5 |  5.0
Throwing       | 1 |  1.6
Stealth        | 1 |  1.4
Armour         | |  2.4
Dodging        | |  2.1

Action                   |  1- 3 |  4- 6 || total
-------------------------+-------+-------++-------
Melee: Hand axe          |    46 |       ||    46
       Headbutt          |     9 |     8 ||    17
       War axe           |    22 |    34 ||    56
Invok: Berserk           |       |     1 ||     1
       Trog's Hand       |       |     1 ||     1
  Use: Scroll            |     9 |     3 ||    12
       Potion            |       |     1 ||     1
Armor: Ring mail         |    29 |    16 ||    45
Dodge: Dodged            |    43 |    23 ||    66
